 Dungeon Crawl Stone Soup version 0.17-a0-1564-g7b572aa (webtiles) character file.

111 namelastname112 the Cudgeler (level 4, -20/37 HPs)
             Began as a Draconian Skald on July 21, 2015.
             Was an Initiate of Okawaru.
             Demolished by an ogre
             ... wielding a +0 giant club
              (22 damage)
             ... on level 3 of the Dungeon.
             The game lasted 00:05:00 (1979 turns).

namelastname112 the Cudgeler (Draconian Skald)      Turns: 1979, Time: 00:05:01

Health: -20/37     AC:  5    Str: 14    XL:     4   Next: 62%
Magic:  7/7        EV: 12    Int: 12    God:    Okawaru [......]
Gold:   103        SH:  0    Dex: 12    Spells: 1 memorised, 6 levels left

rFire  . . .     SeeInvis .     a - +0 mace
rCold  . . .     Clarity  .     (armour unavailable)
rNeg   . . .     SustAt   .     (no shield)
rPois  .         Gourm    .     (helmet restricted)
rElec  .         Spirit   .     (no cloak)
rCorr  .         Warding  .     (no gloves)
rMut   .         Stasis   .     (no boots)
MR     .....                    (no amulet)
Stlth  +.........               (no ring)
                                (no ring)

@: not resistant to hostile enchantments, very unstealthy
A: unfitting armour, cold-blooded, AC +5
a: Renounce Religion


You were on level 3 of the Dungeon.
You worshipped Okawaru.
Okawaru was noncommittal.
You were near starving.

You visited 1 branch of the dungeon, and saw 3 of its levels.

You collected 103 gold pieces.

Inventory:

Hand weapons
 a - a +0 mace (weapon)
 b - a +0 hunting sling of flaming
Missiles
 q - 20 stones (quivered)
Scrolls
 e - 5 scrolls of identify {unknown}
 i - 2 scrolls of remove curse {unknown}
 j - a scroll of recharging {unknown}
 k - 2 scrolls of teleportation {unknown}
 r - a scroll of random uselessness {unknown}
 s - a scroll of blinking {unknown}
Potions
 h - a potion of mutation {unknown}
 o - a potion of invisibility {unknown}
Books
 p - a book of Battle

   Spells                             Type                      Level
   a - Infusion                       Charms                       1
   b - Shroud of Golubria             Charms/Translocation         2
   c - Song of Slaying                Charms                       2
   d - Spectral Weapon                Hexes/Charms                 3
   e - Regeneration                   Charms/Necromancy            3
Comestibles
 c - 4 bread rations
 f - 3 fruits
 g - a slice of pizza
 l - a royal jelly
 m - 2 meat rations
 n - a beef jerky


   Skills:
 + Level 2.9 Fighting
 * Level 3.5 Maces & Flails
 * Level 0.8 Slings
 + Level 2.5 Dodging
 - Level 2.0 Spellcasting
 - Level 2.6 Charms


You had 6 spell levels left.
You knew the following spells:

 Your Spells              Type           Power        Failure   Level  Hunger
a - Infusion              Chrm           #.....       12%         1    ##.....


Dungeon Overview and Level Annotations

Branches:
Dungeon (3/15)

Altars:
Elyvilon
Okawaru


Innate Abilities, Weirdness & Mutations

Your plain brown scales are hard (AC +5).
Your body does not fit into most forms of armour.
You are cold-blooded and may be slowed by cold attacks.


Message History

You are too injured to fight recklessly!
Drink which item? (? for menu, Esc to quit)
You feel much better. The ogre barely misses you.
You hit the ogre.
The ogre is moderately wounded.
The ogre closely misses you.
You hit the ogre.
The ogre is severely wounded.
The ogre hits you with a giant club!!
Ouch! That really hurt!
* * * LOW HITPOINT WARNING * * *
You hit the ogre.
The ogre is severely wounded.
The ogre closely misses you.
You are near starving!
You hit the ogre.
The ogre is almost dead.
The ogre hits you with a giant club!!
Ouch! That really hurt!
You die...

..##..)....# ######.######## #.#
####.###.#.# ##+## #.. #.# #.#.#
##...## ##. # #.###.#.####
#.....## ####. # #........#..
#......## ##.##. ####........#O.
#.......####...#. ............#.%
#.......+........
####........##g##.......####...#.
# #.........#gO@......## ##.##. #
#.........####.....## ####. #
#.........# ##...## #..
#.........# ##'## #.#
#.........## ##.######## #.#
######.....# #.........# #.#
#.#.#.# #..####.#.# #.#
#.#.#.####<..###.#.####.#
#.#.#†#.÷.............).#


You could see an ogre and 2 goblins.

Vanquished Creatures
  Terence (D:3)
  2 adders
  An ooze (D:1)
  3 worms
  2 giant geckos
  2 ball pythons (D:2)
  3 giant cockroaches
  12 goblins
  2 hobgoblins (D:1)
  3 jackals (D:2)
  8 kobolds
  5 bats
  5 giant newts
  3 rats
52 creatures vanquished.

Notes
Turn   | Place    | Note
--------------------------------------------------------------
     0 | D:1      | namelastname112 the Draconian Skald began the quest for the Orb.
     0 | D:1      | Reached XP level 1. HP: 17/17 MP: 3/3
   216 | D:1      | Reached XP level 2. HP: 25/25 MP: 5/5
   304 | D:1      | HP: 1/25 [adder (5)]
   757 | D:2      | Reached XP level 3. HP: 21/30 MP: 6/6
   861 | D:2      | Reached skill level 3 in Maces & Flails
   905 | D:2      | Found a white marble altar of Elyvilon.
  1048 | D:2      | Found an iron altar of Okawaru.
  1193 | D:2      | Became a worshipper of Warmaster Okawaru
  1534 | D:2      | Reached XP level 4. HP: 37/37 MP: 7/7
  1905 | D:3      | Noticed Terence
  1916 | D:3      | Killed Terence
  1958 | D:3      | Noticed an ogre
  1979 | D:3      | Demolished by an ogre

Vault maps used:
D:1:      moated_graveyard_arrival
D:2:      lemuel_doored_altar, okawaru_gym_becter, first_bread
D:3:      minmay_ogre_servants, uniq_terence

Action                   |  1- 3 |  4- 6 || total
-------------------------+-------+-------++-------
Melee: Mace              |   110 |    18 ||   128
 Fire: Hunting sling     |    31 |    42 ||    73
  Use: Potion            |     1 |     1 ||     2
  Eat: Chunk             |     1 |     1 ||     2
